Map: Blackrock LE

Players

SLicKcHeeZEE

  • Race: Zerg Zerg
  • League: Bronze

A.I. 1 (Elite) - Winner!

  • Race: Terran Terran

VOD

Have the link to the VOD?

Description

Time

  • Played on: Sept. 26, 2026, 6:14 p.m.
  • Length: 10:37
Show
View Real Time Build Order
Export as new Build Order

SLicKcHeeZEE Zerg 

Build Orders: Hatch First 

Get SALT Encoding   

  8  0:00  Drone  
  9  0:11  Drone  
  10  0:18  Drone  
  11  0:27  Overlord  
  11  0:33  Drone  
  12  0:45  Drone x2  
  14  0:51  Drone  
  15  1:12  Hatchery  
  15  1:15  Drone  
  15  1:19  Drone  
  15  1:22  Drone  
  17  1:38  Spawning Pool  
  16  1:41  Drone  
  16  1:45  Extractor  
  17  1:47  Drone  
  17  1:50  Drone  
  18  2:00  Drone  
  19  2:10  Overlord  
  19  2:24  Queen  
  19  2:26  Queen  
  19  2:29  Zergling x2  
  24  2:32  Drone  
  24  2:35  Drone  
  26  2:40  Drone  
  27  2:45  Drone  
  27  2:49  Metabolic Boost  
  28  2:53  Extractor  
  28  2:55  Overlord  
  27  3:06  Roach Warren  
  27  3:10  Drone  
  27  3:12  Drone  
  28  3:22  Lair  
  28  3:27  Drone  
  29  3:28  Drone  
  30  3:36  Overlord  
  30  3:49  Roach x2  
  30  3:50  Roach  
  30  3:53  Roach  
  38  4:02  Queen  
  39  4:13  Drone x3  
  39  4:14  Drone  
  43  4:17  Drone  
  44  4:26  Hydralisk Den  
  44  4:28  Glial Reconstitution  
  43  4:34  Overlord  
  43  4:40  Extractor  
  43  4:45  Drone x3  
  45  4:55  Hydralisk x2  
  45  4:57  Hydralisk  
  51  5:02  Hydralisk  
  53  5:08  Overlord  
  53  5:10  Drone  
  53  5:13  Drone  
  55  5:15  Drone  
  55  5:19  Grooved Spines  
  56  5:40  Evolution Chamber  
  56  5:42  Baneling Nest  
  54  5:48  Overlord x2  
  54  5:55  Hatchery  
  54  5:57  Zergling x8  
  55  6:00  Zergling x2  
  58  6:10  Drone x3  
  61  6:12  Drone  
  61  6:14  Overlord  
  61  6:17  Drone  
  63  6:19  Drone  
  63  6:25  Drone x2  
  66  6:31  Zerg Missile Weapons Level 1  
  66  6:33  Muscular Augments  
  66  6:42  Extractor  
  65  6:56  Baneling x5  
  65  6:57  Baneling x5  
  65  7:08  Queen  
  67  7:10  Overlord  
  67  7:11  Overlord  
  67  7:13  Hydralisk x2  
  67  7:14  Hydralisk x2  
  75  7:16  Hydralisk  
  77  7:33  Drone x3  
  77  7:34  Drone  
  81  7:38  Drone x3  
  81  7:39  Overlord  
  84  7:51  Hydralisk x5  
  94  8:17  Hydralisk x6  
  94  8:18  Hydralisk  
  35  9:21  Zergling x2  
  35  9:22  Zergling x22  
  6  10:02  Drone x3  
Show
View Real Time Build Order
Export as new Build Order

A.I. 1 (Elite) Terran - Winner!

Build Orders:  

Get SALT Encoding   

  8  0:00  SCV  
  9  0:13  SCV  
  10  0:25  SCV  
  11  0:37  SCV  
  12  0:46  Supply Depot  
  12  0:49  SCV  
  13  1:08  SCV  
  13  1:10  Barracks  
  14  1:16  Refinery  
  14  1:20  SCV  
  15  1:32  SCV  
  16  1:35  Barracks  
  16  1:44  SCV  
  17  1:56  SCV  
  17  1:58  Marine  
  20  2:08  SCV  
  20  2:19  Barracks  
  20  2:21  Orbital Command, Marine  
  21  2:32  Supply Depot  
  21  2:42  Barracks Tech Lab  
  21  2:46  Barracks Tech Lab  
  21  2:53  SCV  
  22  2:59  Marine  
  22  3:04  Marine  
  22  3:05  Stimpack, SCV  
  24  3:06  Marine  
  24  3:08  Concussive Shells  
  26  3:15  Supply Depot  
  26  3:17  Marine  
  27  3:22  Marine  
  27  3:24  Marine  
  29  3:36  Marine  
  29  3:37  SCV  
  29  3:38  Factory  
  29  3:40  Refinery  
  31  3:49  SCV  
  32  4:01  SCV  
  33  4:06  Supply Depot  
  33  4:13  SCV  
  34  4:25  SCV, Starport  
  34  4:28  Marine, Supply Depot  
  34  4:30  Marine  
  37  4:37  SCV  
  38  4:40  Supply Depot  
  38  4:46  Marauder  
  38  4:49  Marauder  
  42  5:01  Marine  
  42  5:03  Engineering Bay  
  42  5:04  Medivac  
  45  5:07  Marauder  
  45  5:10  Marauder  
  49  5:15  Command Center  
  49  5:28  Combat Shield  
  49  5:29  Marauder  
  49  5:30  Terran Infantry Weapons Level 1  
  53  5:35  Marauder  
  53  5:46  Supply Depot  
  53  5:50  Marauder  
  57  5:57  Marauder  
  57  6:01  Engineering Bay  
  57  6:05  Marine  
  57  6:11  Marine  
  61  6:18  Marauder  
  61  6:24  Supply Depot, Barracks Reactor  
  61  6:26  Terran Infantry Armor Level 1  
  61  6:28  SCV x2  
  61  6:29  Marauder  
  65  6:40  SCV x2  
  67  6:52  Marine x2, Medivac, SCV  
  67  6:54  SCV  
  73  7:03  Command Center  
  73  7:04  SCV  
  74  7:09  SCV  
  74  7:10  Marauder  
  79  7:16  Marauder, SCV  
  79  7:21  Supply Depot, SCV  
  81  7:28  SCV  
  82  7:33  SCV  
  82  7:35  Missile Turret  
  83  7:40  Missile Turret  
  83  7:41  SCV  
  84  7:45  SCV  
  84  7:47  Barracks  
  84  7:49  Starport Reactor  
  85  7:53  SCV  
  85  7:58  SCV, Supply Depot  
  87  8:01  Marine  
  87  8:02  Marine  
  87  8:04  Marine  
  87  8:05  SCV  
  91  8:07  Marine  
  91  8:10  SCV  
  93  8:15  Orbital Command  
  93  8:17  SCV  
  93  8:19  Marine  
  95  8:22  SCV, Missile Turret  
  95  8:25  Medivac, Viking  
  100  8:29  SCV  
  100  8:31  Armory  
  101  8:34  SCV  
  101  8:37  Marine  
  101  8:39  Marine  
  101  8:40  Marine  
  101  8:41  Marine, SCV  
  95  8:43  SCV  
  95  8:45  Marine  
  95  8:46  SCV  
  99  8:53  SCV  
  99  8:55  Marine  
  100  8:58  SCV  
  100  8:59  Medivac  
  100  9:00  Missile Turret  
  100  9:01  SCV  
  105  9:02  Marine  
  105  9:05  SCV  
  105  9:07  Supply Depot, Marine  
  105  9:09  Marine  
  109  9:10  SCV  
  109  9:12  Marine  
  109  9:13  SCV  
  109  9:14  Marine  
  113  9:17  SCV  
  113  9:20  Viking, Marine  
  113  9:23  SCV  
  118  9:25  SCV, Marine  
  118  9:28  Marine  
  118  9:29  SCV  
  121  9:31  Supply Depot  
  121  9:32  Marine  
  121  9:35  SCV  
  121  9:37  SCV  
  124  9:39  Hellion  
  124  9:40  Refinery  
  124  9:41  Refinery  
  126  9:47  Orbital Command  
  126  9:49  Missile Turret  
  126  9:55  Supply Depot  
  126  9:58  Refinery  
  126  10:00  Refinery  
  126  10:02  SCV x2  
  126  10:04  Fusion Core  
  128  10:09  Missile Turret  
  128  10:14  SCV  
  128  10:17  SCV x2  
  128  10:20  Supply Depot, Command Center  
  132  10:30  Missile Turret  
  132  10:33  Factory  
Tags
 
Add a new tag
Caveats
  • Supply blocks, unpowered buildings, or Contaminate may cause inaccurate times.
  • Supply counts are checked every 10 seconds.